 BcadrenCrawl: Boulder Brew version 0.04.2 (webtiles) character file.

Game seed: 16570761243861655987, levelgen mode: deterministic

3720 diana the Fighter (level 9, -4/85 HPs) Pink Draconian Demonspawn. Began on Apr 22, 2021. Was an Initiate of Bahamut & Tiamat. Slain by an ogre ... wielding a +0 giant club (23 damage) ... on level 5 of the Dungeon. The game lasted 00:12:02 (4417 turns).

diana the Fighter (Pink Draconian Demonspawn)       Turns: 4417, Time: 00:12:02

Health: -4/85      AC: 12    Str: 18    XL:     9 ^: 213
Magic:  20/20      EV: 15    Int: 14    God:    Bahamut & Tiamat [0* [21]]
Gold:   245        SH:  0    Dex: 11    Spells: 9/10 levels left

rFire    . . .     Vision   .   a - +0 long sword
rCold    . . .     Gourm    .   n - +0 falchion
rNeg     . . .     Faith    .   (armour unavailable)
rPois    .         Spirit   .   (helmet restricted)
rElec    .         Reflect  .   g - +1 cloak
rCorr    +         Harm     .   (no gloves)
MR       .....     Clarity  +   (boots unavailable)
Stlth    ++........             (no amulet)
HPRegen  0.38/turn              l - ring of resist corrosion
MPRegen  0.30/turn              o - ring of magical power

@: short of breath
A: no body armour, unfitting armour, talons 3, molten scales 1, foul stench 1,
cold-blooded, rot immunity, summoning enhancer 1, clarity, AC +8
a: Breathe Butterflies, Renounce Religion


You were on level 5 of the Dungeon.
You worshipped Bahamut & Tiamat.
Bahamut & Tiamat was noncommittal.
You were very hungry.

You visited 2 branches of the dungeon, and saw 6 of its levels.

You collected 245 gold pieces.

Inventory:

Weapons
 a - a +0 long sword (weapon)
 n - a +0 falchion (weapon)
Armour
 g - a +1 cloak (worn)
Jewellery
 l - a ring of resist corrosion (left hand)
 o - a ring of magical power (right hand)
Wands
 j - a wand of random effects (32)
 q - a wand of ensnaring
 v - a wand of enslavement (2)
Scrolls
 e - a scroll of enchantment
 f - a scroll of bless item
 k - 2 scrolls of magic mapping
 p - a scroll of blinking
 s - a scroll of fog
Potions
 b - a potion of berserk rage
 d - a potion of brilliance
 h - a potion of cancellation
 m - a potion of curing
 r - 2 potions of mutation
 t - a potion of invisibility
 u - a potion of magic
Comestibles
 c - 7 rations


   Skills:
 * Level 10.0 Fighting
 + Level 5.0 Long Blades
 * Level 7.3 Dodging
 - Level 1.3 Stealth
 - Level 1.3 Spellcasting
 - Level 1.5 Fire Magic
 - Level 3.0 Invocations


You had 9 spell levels left.
You knew the following spells:

 Your Spells              Type           Power        Failure   Level  Hunger
a - Flame Tongue          Fire           5 (30)       14%         1    ##.....

Your spell library contained the following spells:

 Spells                   Type           Power        Failure   Level  Hunger
 Blink                    Tloc           N/A          36%         2    ###....
 Call Imp                 Summ           1 (100)      36%         2    ###....
 Slow                     Hex            0 (100)      36%         2    ###....
 Conjure Flame            Fire           5 (100)      38%         3    ####...
 Mephitic Cloud           Pois/Air       0 (100)      58%         3    ####...


Dungeon Overview and Level Annotations

Branches:
Dungeon (5/8)              Temple (1/1) D:4            Lair (0/6) D:5

Altars:
Ashenzari Bahamut & Tiamat
Cheibriados
Fedhas Madash
Gozag Ym Sagoz
Hepliaklqana
Kikubaaqudgha
Makhleb
Nemelex Xobeh
Okawaru
Qazlal
Sif Muna
Trog
Uskayaw
Vehumet
Wu Jian
Xom
Yredelemnul
Zin
The Shining One

Shops:
D:3 *


Innate Abilities, Weirdness & Mutations

You cannot fit into any form of body armour.
Your fierce pink scales are resilient. (AC +8)
You can breathe friendly butterflies.
You have claws for feet.
You are partially covered in molten scales. (AC +2)
You may emit foul miasma when damaged in melee.
You are cold-blooded and may be slowed by cold attacks.
You are immune to rotting.
You are in touch with the powers of summonings.
Your fierce pink scales grant you exceptional clarity of mind. (clarity)


Message History

The wolf bites you (8)!
* * * LOW HITPOINT WARNING * * *
You emit a cloud of foul miasma!
The wolf is engulfed in dark miasma (0).
The wolf is poisoned.
The wolf bites you but does no damage.
You swap places.
The wolf is engulfed in dark miasma (4).
The wolf looks even sicker.
The wolf seems to slow down.
You kill the wolf!
Bahamut & Tiamat accept your kill.
Your Fighting skill increases to level 10!
Unknown command.
You swap places.
An ogre comes into view.
The ogre shouts!
A porcupine comes into view.
You hit the ogre (2). You hit the ogre (3). You claw the ogre (8)!
The ogre is heavily wounded. (16/29) HP The ogre hits you with a +0 giant club (23)!!
You die...

......... .l# #...
....... t.# #..#
....... ..# #..#
....... .r# #..#
...... ..# #..#
..... ..#
#..####+##..#
.t######..r....b...#
.rY†.....Y......@.b#
.###############O..#
. #...# . #..... .
#....... . #........
. ######... ###


You could see a yak, an ogre and a porcupine.

Vanquished Creatures
  Maggie (D:4)
  A hornet (D:5)
  Prince Ribbit (D:4)
  Grum (D:4)
  A yak (D:4)
  3 war dogs
  Edmund (D:3)
  A scorpion (D:3)
  A porcupine (D:4)
  A sky beast (D:4)
  An ice beast (D:4)
  An ogre (D:5)
  A wolf (D:5)
  5 big kobolds (D:2)
  2 bullfrogs
  2 killer bees (D:5)
  A hornet zombie (D:4)
  A crimson imp (D:4)
  A hound (D:4)
  An orc priest (D:3)
  4 jellies
  5 worker ants
  An iguana (D:3)
  11 giant cockroaches
  A bullfrog zombie (D:4)
  4 bullfrog skeletons
  2 shadow imps (D:4)
  8 adders
  34 sewer rats (D:2)
  3 worms (D:2)
  5 cinder newts
  2 oozes (D:2)
  A dart slug (D:1)
  3 leopard geckos (D:2)
  4 orcs (D:3)
  2 adder skeletons (D:2)
  13 goblins
  A hobgoblin (D:3)
  3 jackals (D:3)
  27 kobolds
  A quokka (D:3)
  5 ball pythons
  A ball python skeleton (D:2)
  5 bats (D:1)
  A bat skeleton (D:2)
  A hobgoblin skeleton (D:2)
  5 rats
  A rat skeleton (D:2)
  A giant blowfly (D:2)
  7 withered plants (D:2)
190 creatures vanquished.

Vanquished Creatures (others)
  A giant cockroach (D:2)
  4 plants (D:5)
  2 slimeheads (D:2)
  90 withered plants (D:2)
97 creatures vanquished.

Grand Total: 287 creatures vanquished

Notes
Turn   | Place    | Note
-------+----------+-------------------------------------------
     0 | D:1      | diana the Immature Draconian Demonspawn began the quest for
                  | the Orb.
     0 | D:1      | Reached XP level 1. HP: 16/16 MP: 3/3
   218 | D:1      | Gained mutation: You have sharp toenails. [demonic
                  | ancestry]
   218 | D:1      | Reached XP level 2. HP: 24/24 MP: 4/4
   417 | D:1      | Reached skill level 2 in Fighting
   485 | D:1      | Reached XP level 3. HP: 30/30 MP: 5/5
   798 | D:2      | Gained mutation: You have razor-sharp toenails. [demonic
                  | ancestry]
   798 | D:2      | Reached XP level 4. HP: 37/37 MP: 6/6
   806 | D:2      | Reached skill level 3 in Fighting
   812 | D:2      | Gained mutation: You have claws for feet. [demonic
                  | ancestry]
   812 | D:2      | Reached XP level 5. HP: 27/45 MP: 7/7
   916 | D:2      | Reached skill level 4 in Fighting
  1013 | D:2      | Gained mutation: You are immune to rotting. [demonic
                  | ancestry]
  1013 | D:2      | Reached XP level 6. HP: 52/52 MP: 8/8
  1208 | D:2      | Reached skill level 5 in Fighting
  1293 | D:2      | Your scales start taking on a fierce pink colour.
  1293 | D:2      | Reached XP level 7. HP: 57/61 MP: 9/9
  1293 | D:2      | Gained mutation: You may emit foul miasma when damaged in
                  | melee. [demonic ancestry]
  1293 | D:2      | Gained mutation: Your fierce pink scales grant you
                  | exceptional clarity of mind. (clarity) [Pink Draconian
                  | growth]
  1293 | D:2      | Gained mutation: You are in touch with the powers of
                  | summonings. [Pink Draconian growth]
  1520 | D:2      | Reached skill level 6 in Fighting
  1942 | D:2      | Reached skill level 5 in Dodging
  2257 | D:2      | Reached XP level 8. HP: 71/71 MP: 10/10
  2514 | D:3      | Found Ommuigg's General Store.
  2658 | D:3      | Noticed Edmund
  2660 | D:3      | Found a glowing silver altar of Zin.
  2675 | D:3      | Killed Edmund
  2675 | D:3      | Reached skill level 7 in Fighting
  2894 | D:3      | Found a hide-covered altar of Uskayaw.
  3410 | D:4      | Reached skill level 8 in Fighting
  3612 | D:4      | Identified the +5 heater shield "Xamoc" {rN+}
  3693 | D:4      | Noticed Grum
  3706 | D:4      | Gained mutation: You are partially covered in molten
                  | scales. (AC +2) [demonic ancestry]
  3706 | D:4      | Reached XP level 9. HP: 65/82 MP: 11/11
  3715 | D:4      | Killed Grum
  3716 | D:4      | Noticed Maggie
  3930 | D:4      | Found a staircase to the Ecumenical Temple.
  3939 | Temple   | Entered the Ecumenical Temple
  3980 | Temple   | Became a worshipper of Bahamut & Tiamat
  4064 | D:4      | Killed Maggie
  4064 | D:4      | Reached skill level 9 in Fighting
  4236 | D:4      | Noticed Prince Ribbit
  4243 | D:4      | Killed Prince Ribbit
  4307 | D:5      | Entered Level 5 of the Dungeon
  4391 | D:5      | Reached skill level 5 in Long Blades
  4392 | D:5      | Found a staircase to the Lair.
  4405 | D:5      | Reached skill level 10 in Fighting
  4417 | D:5      | Slain by an ogre

Levels and vault maps discovered:
D:1:      dpeg_arrival_windows_large_door, layout_basic, minmay_octomino_j4
D:2:      layout_sewer, first_ration, hangedman_abyss_or_decor_slice
D:3:      kennysheep_goblin_castle, layout_basic, lemuel_round_altar,
          serial_shops, shop, basic_altar, dk_noncrumbling_3, uniq_edmund
D:4:      layout_basic, temple_hall, uniq_grum, uniq_prince_ribbit1, uniq_maggie
D:5:      layout_irregular_city, minmay_lair_entry_grove, serial_column_ruins,
          column_ruins_grid_1, column_ruins_open_tiny, column_ruins_open_medium,
          column_ruins_grid_2, column_ruins_columns_corner
Temple:   nicolae_temple_the_god_donut

Skill      XL: |  1  2  3  4  5  6  7  8  9 |
---------------+----------------------------+-----
Fighting       | 2 3 4 5 6 8 10 | 10.0
Long Blades    | 2 3 4 5 |  5.0
Dodging        | 3 4 5 6 7 |  7.3
Stealth        | |  1.3
Spellcasting   | |  1.3
Fire Magic     | |  1.5
Invocations    | |  3.0

Action                   |  1- 3 |  4- 6 |  7- 9 || total
-------------------------+-------+-------+-------++-------
Melee: Long sword        |    38 |    91 |   237 ||   366
       Unarmed           |    20 |    59 |    92 ||   171
       Tailslap          |     1 |     7 |    21 ||    29
       Kick              |     1 |    10 |    45 ||    56
       Falchion          |       |       |    69 ||    69
Invok: Choose Bahamut's  |       |       |     1 ||     1
 Abil: Breathe Butterfli |       |       |     2 ||     2
Evoke: Wand              |       |       |     4 ||     4
  Use: Scroll            |       |       |     1 ||     1
       Potion            |       |       |     1 ||     1
 Stab: Sleeping          |     4 |     1 |     3 ||     8
  Eat: Chunk             |       |     2 |    11 ||    13
Armor: Skin              |    13 |    32 |   122 ||   167
Dodge: Dodged            |    28 |   103 |   276 ||   407
       Rpst.: Long sword |     8 |    30 |    62 ||   100
       Falchion          |       |       |    34 ||    34
